 Dungeon Crawl Stone Soup version 0.32-a0-42-ga30500b4d3 (webtiles) character file.

Game seed: 11219808826437109173

310255 UltrafastDeath the Warrior (level 21, -17/210 HPs)
             Began as an Oni Gladiator on Jan 17, 2024.
             Was the Champion of Hepliaklqana.
             Killed by an exploding Goletoargh (19 damage)
             ... ignited by their inner flame
             ... on level 4 of the Vaults on Jan 28, 2024.
             The game lasted 01:37:14 (40477 turns).

UltrafastDeath the Warrior (Oni Gladiator)         Turns: 40477, Time: 01:37:15

Health: -17/210    AC: 21    Str: 32    XL:     21   Next: 25%
Magic:  0/31       EV: 11    Int:  9    God:    Hepliaklqana [******]
Gold:   2251       SH: 12    Dex: 10    Spells: 20/20 levels left

rFire   . . .        y - +9 eveningstar (vamp)
rCold   + . .        M - +2 kite shield {reflect}
rNeg    . . .        L - +0 swamp dragon scales
rPois   +            c - +2 hat
rElec   .            a - +1 cloak {Will+}
rCorr   .            (gloves unavailable)
SInv    .            (boots unavailable)
Will    +....        k - amulet of regeneration
Stlth   +            U - +4 ring of protection
HPRegen 1.35/turn    m - ring of protection from cold
MPRegen 0.22/turn

%: reflection
@: mighty, weak-willed, hasted, studying Armour, very quick
A: reduced essence, large, unfitting armour, horns 1, tough skin 1, double
potion healing, drunken brawling
}: 2/15 runes: decaying, gossamer
a: Renounce Religion, Recall Ancestor, Ancestor Identity, Transference, Idealise


You were on level 4 of the Vaults.
You worshipped Hepliaklqana.
Hepliaklqana was exalted by your worship.
You visited 7 branches of the dungeon, and saw 35 of its levels.
You also visited: Sewer, Volcano and Wizlab.

You collected 4577 gold pieces.
You spent 2326 gold pieces at shops.

Inventory:

Hand Weapons
 y - a +9 vampiric eveningstar (weapon)
Missiles
 d - 4 throwing nets
 e - 36 large rocks
 R - 6 curare-tipped darts
 S - 7 javelins
 T - 16 boomerangs
Armour
 a - a +1 cloak of willpower (worn)
 c - a +2 hat (worn)
 h - a +1 cloak of fire resistance
 L - +0 swamp dragon scales (worn)
 M - a +2 kite shield of reflection (worn)
Jewellery
 b - a ring of protection from fire
 g - a ring of resist corrosion
 k - an amulet of regeneration (around neck)
 m - a ring of protection from cold (right hand)
 O - a +6 ring of strength
 U - a +4 ring of protection (left hand)
 Y - a ring of see invisible
 Z - a ring of positive energy
Wands
 i - a wand of polymorph (18)
 s - a wand of paralysis (37)
 u - a wand of flame (61)
 v - a wand of mindburst (19)
 I - a wand of acid (12)
 J - a wand of roots (23) (quivered)
 X - a wand of digging (26)
Scrolls
 j - 3 scrolls of enchant armour
 n - 3 scrolls of teleportation
 o - 2 scrolls of vulnerability
 q - 6 scrolls of poison
 x - a scroll of amnesia
 z - 2 scrolls of enchant weapon
 A - 2 scrolls of fog
 B - 4 scrolls of revelation
 D - 2 scrolls of immolation
 K - 3 scrolls of fear
Potions
 f - 2 potions of heal wounds
 p - 2 potions of lignification
 r - 5 potions of invisibility
 t - 9 potions of enlightenment
 w - 8 potions of ambrosia
 C - 4 potions of mutation
 E - 4 potions of curing
 F - 2 potions of resistance
 G - 10 potions of cancellation
 H - 2 potions of haste
 N - 5 potions of attraction
 P - 7 potions of brilliance
 Q - 2 potions of magic
 V - 3 potions of might
Miscellaneous
 l - a condenser vane (inert)


   Skills:
 + Level 19.3 Fighting
 - Level 18.0 Maces & Flails
 + Level 9.3 Throwing
 + Level 14.2 Armour
 - Level 9.0 Dodging
 - Level 2.0 Stealth
 - Level 8.0 Shields
 + Level 14.0 Invocations
 - Level 2.0 Evocations
 * Level 17.7 Shapeshifting


You had 20 spell levels left.
You didn't know any spells.
Your spell library contained the following spells:

 Spells                   Type           Power      Damage    Failure   Level
 Summon Small Mammal      Summ           0%         N/A       63%         1
 Mercury Vapours          Alch/Air       0%         N/A       77%         2
 Scorch                   Fire           0%         2d5       77%         2
 Static Discharge         Conj/Air       0%         3-3/arc   77%         2
 Call Canine Familiar     Summ           0%         N/A       94%         3
 Dazzling Flash           Conj/Hex       0%         N/A       94%         3
 Gell's Gravitas          Tloc           0%         N/A       94%         3
 Inner Flame              Hex/Fire       0%         N/A       94%         3
 Mephitic Cloud           Conj/Alch/Air  0%         N/A       94%         3
 Sigil of Binding         Hex            0%         N/A       94%         3
 Swiftness                Air            0%         N/A       94%         3
 Teleport Other           Tloc           0%         N/A       94%         3
 Tukima's Dance           Hex            0%         N/A       94%         3
 Volatile Blastmotes      Fire/Tloc      0%         2d10      94%         3
 Anguish                  Hex/Necr       0%         N/A       100%        4
 Animate Armour           Summ/Erth      0%         N/A       100%        4
 Cause Fear               Hex            0%         N/A       100%        4
 Dimensional Bullseye     Hex/Tloc       0%         N/A       100%        4
 Flame Wave               Conj/Fire      0%         2d4       100%        4
 Fulminant Prism          Conj/Alch      0%         3d5       100%        4
 Iskenderun's Mystic Bla  Conj/Tloc      0%         2d3       100%        4
 Sticky Flame             Fire/Alch      0%         2d4       100%        4
 Summon Blazeheart Golem  Fire/Summ      0%         N/A       100%        4
 Summon Lightning Spire   Summ/Air       0%         N/A       100%        4
 Vhi's Electric Charge    Tloc/Air       0%         N/A       100%        4
 Arcjolt                  Conj/Air       0%         1d10      100%        5
 Curse of Agony           Necr           0%         N/A       100%        5
 Irradiate                Conj/Alch      0%         3d11      100%        5
 Iskenderun's Battlesphe  Conj           0%         2d6       100%        5
 Lee's Rapid Deconstruct  Erth           0%         3d4*      100%        5
 Silence                  Hex/Air        0%         N/A       100%        5
 Bombard                  Conj/Erth      0%         9d1       100%        6
 Dispersal                Tloc           0%         N/A       100%        6
 Plasma Beam              Fire/Air       0%         2x1d10    100%        6
 Summon Cactus Giant      Summ           0%         N/A       100%        6
 Enfeeble                 Hex            0%         N/A       100%        7
 Spellforged Servitor     Conj/Summ      0%         N/A       100%        7
 Ignition                 Fire           0%         3d3       100%        8


Dungeon Overview and Level Annotations

Branches:
Dungeon (15/15)            Temple (1/1) D:5            Lair (5/5) D:9
  Swamp (4/4) Lair:2       Spider (4/4) Lair:2        Slime (0/5) Lair:5
    Orc (2/2) D:11            Elf (0/3) Orc:2        Vaults (4/5) D:14
  Crypt (0/3) Vaults:3     Depths (0/4) D:15          Sewer (visited)
Volcano (visited)          WizLab (visited)

Altars:
Ashenzari
Cheibriados
Dithmenos
Elyvilon
Fedhas
Gozag
Hepliaklqana
Kikubaaqudgha
Makhleb
Nemelex Xobeh
Okawaru
Qazlal
Ru
Sif Muna
Trog
Uskayaw
Vehumet
Wu Jian
Xom
Yredelemnul
Zin
The Shining One
Jiyva

Shops:
D:10 (=   D:12 ?:   D:15 =   Orc:2 ?=?[   Vaults:1 =   Vaults:2 *

Portals:
Trove: D:12 (give 7 scrolls of fear)

Annotations:
D:3 1 transporter, Nebesus's ghost, amateur DrSh
D:4 1 runed translucent door, Crazy Yiuf
Swamp:2 3 runed translucent doors, Geiziwus's ghost, adept FoAK


Innate Abilities, Weirdness & Mutations

Your life essence is reduced to manifest your ancestor. (-10% HP)
You are too large for most types of armour.
You have a pair of small horns on your head.
You have tough skin. (AC +1)
You gain doubled healing and magic from potions.
Whenever you drink a healing potion, you attack all around you.


Message History

You feel your power leaking away.
Goletoargh hits you with a +2 antimagic triple sword!
You feel your power leaking away.
The quicksilver dragon struggles to escape constriction.
Goletoargh hits you with a +1 antimagic triple sword!!!
* * * LOW HITPOINT WARNING * * *
Goletoargh hits you with a +2 antimagic triple sword!
* * * LOW HITPOINT WARNING * * *
You take 74 damage, and have 32/210 hp.
Okay, then.
Unknown command.
Unknown command.
The roots release their grip on the quicksilver dragon.
Goletoargh gestures at you while chanting.
The bolt of devastation hits you!
Your willpower is stripped away!
* * * LOW HITPOINT WARNING * * *
Welcome back to the Vaults!
There is an empty arch of ancient stone here.
You take 14 damage, and have 18/210 hp.
Unknown command.
Unknown command.
Unknown command.
You barely miss Goletoargh. Your headbutt misses Goletoargh.
Goletoargh is severely wounded.
Goletoargh gestures wildly while chanting.
You impale Goletoargh!!
Flame seeps out of Goletoargh.
Goletoargh is almost dead.
You closely miss Goletoargh. Your headbutt misses Goletoargh.
Goletoargh is almost dead.
Goletoargh is engulfed in blazing flames.
Flame seeps out of Goletoargh.
Goletoargh hits you but does no damage.
Goletoargh hits you with a +2 antimagic triple sword!!
* * * LOW HITPOINT WARNING * * *
The mana viper bites you but does no damage. x2
You take 18 damage, and have 2/210 hp.
You impale Goletoargh!!
The mana viper disappears in a puff of smoke! x3
Goletoargh the Head Instructor explodes!
The fiery explosion engulfs you!!
You die...

,*,*,,,,,,*,,,,************,,,,,,
,*,****+***,,,,,,,,........,,,,,,
,+,,,,,,,,,,,,,,,,,,......,,,,,,,
,*,,,,,*#############....,,,,,,,,
,*,,,,,##############...########,
,*,,,,,##..........##...#......+.
**,,,,,##.########.##...#......#.
,,,,,,,*#....##§8#..#...#.<)...#.
,,,,,,,*#.....§§@#..'...').)...#.
,,,,,,,##....##°8#..#...#......#,
,,,,,,,##.########.##...#......#.
,,,,,,,##..........##...###+####.
+***,,,##############.....,,,,,,,
,,,*,,,*#############......,,,,,,
,,,*,,,,,,,,,,,,,,,,........,,,,,
,,,*,,,,,,,,,,,,,,,...######****,
,,,*,,,,,,,,,,,,,,,,,,*,,,,,,,,*,


There were no monsters in sight!

Vanquished Creatures
  A Head Instructor (Vaults:4)
  Nikola (Spider:3)
  A tentacled monstrosity (Swamp:2)
  Frances (D:14)
  2 tengu reavers
  The ghost of PaperRat the Marksdemigod, an adept DgHu (Swamp:3)
  4 fenstrider witches
  An emperor scorpion (Spider:2)
  4 vault wardens
  2 ghost moths
  2 ghouls
  2 orc warlords
  9 ironbound preservers
  2 broodmothers
  A vampire knight (Vaults:3)
  2 ironbound thunderhulks
  5 eleionomae
  2 bunyips
  11 dire elephants
  3 spark wasps
  An eidolon (Vaults:3)
  The ghost of bmj180 the Destroyer, a journeyman HuCj of Sif Muna (D:11)
  4 yaktaur captains
  5 great orbs of eyes
  2 shambling mangroves
  An ettin (Vaults:2)
  7 vault guards
  14 centaur warriors
  6 hydras
  5 ironbound frosthearts
  6 ogre magi
  A radroach (Spider:4)
  A peacekeeper (Vaults:2)
  A merfolk avatar (Lair:5)
  6 ghost crabs
  11 alligators
  6 boulder beetles
  A jorogumo (Spider:2)
  9 two-headed ogres
  A tengu warrior (D:14)
  2 death yaks (Lair:3)
  5 demonic crawlers
  Urug (D:10)
  An occultist (D:14)
  An orc high priest (Orc:1)
  A deep elf knight (D:14)
  Sonja (Orc:1)
  3 soul eaters (Swamp:4)
  4 skeletal warriors (D:15)
  3 skysharks
  3 goliath frogs
  7 pharaoh ants
  A spriggan druid (Swamp:3)
  2 mana vipers (WizLab)
  25 deep trolls
  5 swamp dragons
  2 sea snakes (Lair:5)
  A glowing orange brain (Vaults:2)
  A sun moth (Spider:4)
  2 orb spiders
  5 bog bodies
  A phantasmal warrior (D:14)
  5 steelbarb worms
  6 arcanists
  6 lindwurms
  4 deep elf pyromancers
  6 ironbound convokers
  3 orc knights
  A harpy (Lair:5)
  2 necromancers (WizLab)
  5 cyclopes
  11 orc sorcerers
  3 manticores
  13 wolf spiders
  4 will-o-the-wisps
  19 ugly things
  A moth of wrath (shapeshifter) (D:15)
  4 elephants (Lair:5)
  6 vault sentinels
  2 salamanders (Volcano)
  3 meliai (D:14)
  2 moths of wrath
  4 black mambas
  2 orange demons (Swamp:4)
  10 cane toads
  5 molten gargoyles (Volcano)
  8 gargoyles
  2 torpor snails (Lair:5)
  2 kobold demonologists (D:9)
  Maggie (D:7)
  2 freezing wraiths
  An efreet (Volcano)
  7 komodo dragons
  4 rime drakes
  8 yaktaurs (Vaults:3)
  A tengu conjurer (D:14)
  A queen bee (D:11)
  9 trolls
  2 hellwings (Swamp:4)
  A bloated husk (Swamp:4)
  3 polar bears
  12 tarantellas
  9 hornets
  6 tyrant leeches
  A wind drake (Lair:5)
  3 blink frogs
  2 dream sheep (Lair:5)
  16 slime creatures
  A shadow (D:12)
  16 jumping spiders
  A wraith (Vaults:3)
  38 yaks
  15 culicivoras
  5 spriggans
  Grum (D:8)
  3 basilisks
  6 wyverns
  2 wargs (Orc:2)
  2 steam dragons
  34 redbacks
  20 vampire mosquitoes
  2 chaos spawn (Swamp:4)
  12 swamp worms
  An acid dragon (D:11)
  Duvessa (D:7)
  3 black bears
  A swamp drake (Swamp:1)
  14 water moccasins
  12 orc warriors
  A crocodile (shapeshifter) (D:15)
  3 laughing skulls (D:14)
  11 ogres
  6 wolves
  7 centaurs
  4 boggarts (Vaults:1)
  A phantom (D:5)
  11 bullfrogs
  A kobold brigand (D:7)
  A necrophage (Swamp:1)
  5 scorpions
  2 gnoll sergeants
  2 wights (D:9)
  Dowan (D:7)
  16 killer bees (D:11)
  7 howler monkeys
  3 electric eels (Lair:3)
  5 hounds
  12 orc priests
  2 iguanas
  A sleepcap (D:7)
  23 orc wizards
  A hell rat (Sewer)
  7 gnolls
  A river rat (Sewer)
  2 adders
  2 shadow imps
  3 white imps (D:6)
  8 ufetubi
  3 ribbon worms
  3 dart slugs
  53 orcs
  7 bats
  5 endoplasms
  2 giant cockroaches (D:1)
  9 goblins
  6 hobgoblins
  16 kobolds
  3 quokkas
  10 ball pythons
  6 frilled lizards
  17 rats
930 creatures vanquished.

Vanquished Creatures (collateral kills)
  Bai Suzhen (Vaults:3)
  Arachne (Spider:4)
  Asterion (Vaults:1)
  A thorn hunter (Swamp:4)
  Donald (Spider:3)
  The ghost of Iffuusoj the Severer, an adept MiBe of Trog (Swamp:1)
  A fenstrider witch (Swamp:4)
  An emperor scorpion (Spider:4)
  3 vault wardens
  2 ghost moths (Spider:4)
  A ghoul (Swamp:1)
  2 broodmothers (Spider:4)
  7 ironbound preservers
  2 orc warlords
  A very ugly thing (Vaults:2)
  5 ironbound thunderhulks
  Azrael (D:14)
  2 spark wasps
  5 dire elephants
  An eleionoma (Swamp:3)
  A blizzard demon (Swamp:4)
  2 shambling mangroves
  4 entropy weavers
  A vault guard (D:14)
  A great orb of eyes (Vaults:2)
  A hell beast (Swamp:4)
  Erolcha (D:12)
  3 alligators
  5 hydras
  A spriggan air mage (WizLab)
  An ogre mage (Swamp:4)
  A radroach (Spider:3)
  4 ironbound frosthearts
  2 two-headed ogres (D:15)
  8 centaur warriors
  2 boulder beetles
  A jorogumo (Spider:2)
  2 death yaks (Lair:3)
  3 tengu warriors
  An occultist (Swamp:4)
  A demonic crawler (Spider:3)
  A hell knight (WizLab)
  A deep elf knight (WizLab)
  3 spriggans
  Nergalle (D:12)
  A death drake (Swamp:3)
  A skyshark (Lair:4)
  A skeletal warrior (D:15)
  A sixfirhy (Swamp:4)
  11 deep trolls
  2 pharaoh ants (Spider:2)
  2 goliath frogs
  7 ironbound convokers
  A swamp dragon (Swamp:1)
  2 bog bodies
  3 mana vipers (WizLab)
  A spriggan druid (Swamp:2)
  3 orb spiders
  2 arcanists
  A deep elf archer (D:14)
  6 lindwurms
  A harpy (Vaults:3)
  A deep elf zephyrmancer (Swamp:4)
  An orc knight (D:14)
  6 ugly things
  3 wolf spiders
  A deep elf pyromancer (Volcano)
  3 orc sorcerers
  A cyclops (D:12)
  A salamander (Volcano)
  2 will-o-the-wisps (Swamp:4)
  A manticore (D:10)
  A black mamba (Lair:5)
  3 elephants (Lair:5)
  A meliai (D:14)
  5 vault sentinels
  2 kobold blastminers (Orc:1)
  A torpor snail (Spider:2)
  An orange demon (Swamp:4)
  An unseen horror (D:11)
  Psyche (D:8)
  4 yaktaurs
  4 cane toads
  A komodo dragon (Lair:2)
  A freezing wraith (D:14)
  2 tengu conjurers
  An efreet (D:14)
  A troll (D:14)
  6 hornets
  A wolf spider simulacrum (D:14)
  2 hellwings (Swamp:4)
  8 tarantellas
  4 blink frogs
  2 tyrant leeches
  16 slime creatures
  10 jumping spiders
  A shadow (D:10)
  5 culicivoras
  A human (D:14)
  11 yaks
  A warg (Orc:2)
  3 fire elementals (D:14)
  A wraith (D:11)
  3 basilisks
  11 redbacks
  A steam dragon (D:7)
  2 vampire mosquitoes (D:12)
  A chaos spawn (Swamp:4)
  3 swamp worms
  A water moccasin (Lair:1)
  3 hell hounds (D:14)
  3 black bears
  3 orc warriors (Orc:2)
  3 swamp drakes (Swamp:4)
  2 wolves (Lair:3)
  A boggart (Vaults:1)
  5 ogres
  A boggart (shapeshifter) (D:15)
  2 kobold brigands
  3 bullfrogs
  A wight (D:9)
  9 killer bees (D:11)
  2 electric eels
  16 orc wizards
  17 orcs
  5 kobolds (D:10)
358 creatures vanquished.

Vanquished Creatures (others)
  An ironbound convoker (Vaults:4)
  3 bloated husks
  A tyrant leech (Swamp:2)
  49 battlemagi
  An orc wizard (Orc:2)
  An ancestor (D:8)
  A butterfly (Lair:2)
  16 foxfires
73 creatures vanquished.

Grand Total: 1361 creatures vanquished

Notes
Turn   | Place    | Note
-------+----------+-------------------------------------------
     0 | D:1      | UltrafastDeath the Oni Gladiator began the quest for the
                  | Orb.
     0 | D:1      | Reached XP level 1. HP: 22/22 MP: 1/1
     0 | D:1      | Upgraded the game from 0.32-a0-19-g28bc0835a1 to
                  | 0.32-a0-42-ga30500b4d3
   116 | D:1      | Reached XP level 2. HP: 29/29 MP: 2/2
   120 | D:1      | Reached skill level 1 in Stealth
   217 | D:1      | Found a faded altar of an unknown god.
   503 | D:1      | Reached XP level 3. HP: 36/36 MP: 3/3
  1043 | D:2      | Reached skill level 3 in Fighting
  1773 | D:3      | Reached XP level 4. HP: 44/45 MP: 4/4
  1823 | D:3      | Found a transporter.
  1846 | D:3      | Noticed Nebesus's ghost (amateur DrSh)
  1899 | D:3      | Found a glowing drain.
  1904 | Sewer    | Entered a sewer
  1949 | Sewer    | Reached XP level 5. HP: 31/54 MP: 5/5
  2064 | Sewer    | Reached skill level 4 in Fighting
  3066 | D:4      | Found a radiant altar of Vehumet.
  3110 | D:4      | Reached skill level 5 in Maces & Flails
  3220 | D:4      | Reached XP level 6. HP: 63/63 MP: 6/6
  3385 | D:4      | Found a runed translucent door.
  3386 | D:4      | Noticed Crazy Yiuf
  3589 | D:5      | Entered Level 5 of the Dungeon
  3594 | D:5      | Reached skill level 5 in Fighting
  3908 | D:5      | Found a staircase to the Ecumenical Temple.
  3932 | Temple   | Entered the Ecumenical Temple
  3937 | Temple   | Became a worshipper of Hepliaklqana the Forgotten
  4057 | D:5      | Reached XP level 7. HP: 55/72 MP: 7/7
  4205 | D:5      | Reached skill level 1 in Evocations
  4257 | D:5      | Found an ornate altar of the Wu Jian Council.
  4257 | D:5      | Found a faded altar of an unknown god.
  4265 | D:5      | Found an ancient bone altar of Kikubaaqudgha.
  4272 | D:5      | Found a shimmering blue altar of Sif Muna.
  4274 | D:5      | Found a white marble altar of Elyvilon.
  4561 | D:6      | Reached skill level 6 in Fighting
  5075 | D:6      | Reached XP level 8. HP: 57/84 MP: 8/8
  5575 | D:7      | Reached skill level 7 in Fighting
  5847 | D:7      | Reached * piety under Hepliaklqana
  5910 | D:7      | Reached skill level 8 in Fighting
  5977 | D:7      | Reached XP level 9. HP: 86/86 MP: 9/9
  6062 | D:7      | Noticed Dowan
  6062 | D:7      | Noticed Duvessa
  6106 | D:7      | Killed Duvessa
  6236 | D:7      | Found a snail-covered altar of Cheibriados.
  6394 | D:7      | Found a hide-covered altar of Uskayaw.
  6403 | D:7      | Found a blossoming altar of Fedhas.
  6453 | D:7      | Reached skill level 9 in Fighting
  6473 | D:7      | Killed Dowan
  6523 | D:8      | Noticed Grum
  6543 | D:8      | Noticed Maggie
  6556 | D:7      | Killed Maggie
  6557 | D:7      | Reached skill level 10 in Maces & Flails
  6587 | D:8      | Noticed Psyche
  7117 | D:8      | Killed Grum
  7118 | D:8      | Reached skill level 10 in Fighting
  7306 | D:8      | Reached XP level 10. HP: 81/99 MP: 10/10
  7484 | D:8      | Found an iron altar of Okawaru.
  7562 | D:8      | Reached ** piety under Hepliaklqana
  7563 | D:8      | Remembered your ancestor Zarja as a battlemage
  7725 | D:9      | Found an opulent altar of Gozag.
  7923 | D:9      | Found a shadowy altar of Dithmenos.
  8013 | D:9      | Found a staircase to the Lair.
  8496 | D:8      | Killed Psyche
  8566 | D:10     | Entered Level 10 of the Dungeon
  8570 | D:10     | Noticed a kobold demonologist
  8571 | D:10     | Noticed a kobold demonologist
  8581 | D:9      | Killed a kobold demonologist
  8593 | D:9      | Killed a kobold demonologist
  8651 | D:10     | Reached XP level 11. HP: 97/107 MP: 11/11
  8656 | D:10     | Got the Collected Works on the Sky
  8659 | D:10     | Identified the +0 ring mail of Uskayaw's Respect {-Tele
                  | Dex+8}
  8678 | D:10     | Reached skill level 11 in Fighting
  8738 | D:10     | Found Meamamn's Jewellery Shoppe.
  8767 | D:10     | Reached *** piety under Hepliaklqana
  8788 | D:10     | Found Innurghy's Weapon Shop.
  8855 | D:10     | Noticed a manticore
  8870 | D:10     | Killed a manticore
  8871 | D:10     | Reached skill level 1 in Armour
  8871 | D:10     | Reached skill level 1 in Invocations
  9144 | D:10     | Noticed a two-headed ogre
  9149 | D:10     | Killed a two-headed ogre
  9559 | D:10     | Noticed Urug
  9569 | D:10     | Killed Urug
  9679 | D:11     | Noticed bmj180's ghost (journeyman HuCj)
  9689 | D:11     | Found a runed translucent door.
  9729 | D:11     | Found a staircase to the Orcish Mines.
  9731 | D:11     | Found a shimmering altar of Xom.
  9751 | D:11     | Reached **** piety under Hepliaklqana
  9798 | D:11     | Found the amulet of Elemental Vulnerability {rPois rF--
                  | rC-- AC+8}
  9866 | D:11     | Reached skill level 12 in Fighting
  9994 | D:11     | Reached skill level 5 in Armour
 10291 | D:11     | Reached skill level 5 in Invocations
 10364 | D:12     | Noticed a cyclops
 10365 | D:12     | Found Amoaplyd's Magic Scroll Shop.
 10368 | D:12     | Killed a cyclops
 10373 | D:12     | Reached XP level 12. HP: 100/119 MP: 15/15
 10392 | D:12     | Bought a scroll of blinking for 90 gold pieces
 10392 | D:12     | Bought a scroll of brand weapon for 114 gold pieces
 10392 | D:12     | Bought a scroll of identify for 24 gold pieces
 10392 | D:12     | Bought a scroll of identify for 24 gold pieces
 10415 | D:12     | Noticed Erolcha
 10426 | D:12     | Killed Erolcha
 10514 | D:12     | Noticed Nergalle
 10521 | D:12     | Killed Nergalle
 10522 | D:12     | Reached skill level 13 in Fighting
 10616 | D:12     | Found Xoqi's Book Emporium.
 10772 | D:12     | Found a portal to a secret trove of treasure.
 10980 | Lair:1   | Entered Level 1 of the Lair of Beasts
 11238 | Lair:1   | Reached ***** piety under Hepliaklqana
 11334 | Lair:1   | Noticed a boulder beetle
 11344 | Lair:1   | Killed a boulder beetle
 11838 | Lair:2   | Reached skill level 14 in Fighting
 11873 | Lair:2   | Found a dark tunnel.
 11878 | Volcano  | Entered a volcano
 11905 | Volcano  | Reached XP level 13. HP: 106/131 MP: 19/19
 12198 | Volcano  | Noticed an orb of fire
 12294 | Volcano  | Reached skill level 15 in Fighting
 12314 | Volcano  | Noticed an orb of fire
 12912 | Lair:2   | Found a staircase to the Swamp.
 12921 | Lair:2   | Reached skill level 10 in Invocations
 13029 | Lair:2   | Found a hole to the Spider Nest.
 13927 | Lair:3   | You fall into a shaft and drop 1 floor!
 13938 | Lair:4   | Reached skill level 16 in Fighting
 13992 | Lair:4   | Identified the +5 plate armour "Ahur" {rF- rC+ MP+9 Int+2}
 14292 | Lair:4   | Reached ****** piety under Hepliaklqana
 14366 | Lair:4   | Reached XP level 14. HP: 136/146 MP: 22/22
 15505 | Lair:5   | Entered Level 5 of the Lair of Beasts
 15510 | Lair:5   | Reached skill level 15 in Maces & Flails
 15598 | Lair:5   | Reached skill level 17 in Fighting
 15822 | Lair:5   | Found a staircase to the Slime Pits.
 15823 | Lair:5   | Found a viscous altar of Jiyva.
 16020 | Lair:5   | Found the ring of the Octopus King
 16038 | Lair:5   | Identified a ring of the Octopus King {rN+ HP+2 AC+2 EV+2
                  | SH+2}
 16093 | Lair:5   | Identified the +3 quarterstaff of the Endless Mouths {pain,
                  | Int+4 Dex-2}
 16175 | Lair:5   | Reached skill level 18 in Fighting
 16455 | Orc:1    | Entered Level 1 of the Orcish Mines
 16598 | Orc:1    | Noticed an orc warlord
 16609 | Orc:1    | Noticed Sonja
 16616 | Orc:1    | Killed Sonja
 16816 | Orc:1    | Killed an orc warlord
 17207 | Orc:2    | Entered Level 2 of the Orcish Mines
 17523 | Orc:2    | Found a staircase to the Elven Halls.
 17534 | Orc:2    | Noticed an orc warlord
 17546 | Orc:2    | Killed an orc warlord
 17768 | Orc:2    | Noticed an orc warlord
 17786 | Orc:2    | Killed an orc warlord
 17787 | Orc:2    | Reached skill level 10 in Armour
 17787 | Orc:2    | Reached XP level 15. HP: 116/158 MP: 19/24
 17996 | Orc:2    | Found Heesen's Jewellery Shop.
 18031 | Orc:2    | Found Huurph's Antique Armour Boutique.
 18051 | Orc:2    | Bought a glowing orb for 360 gold pieces
 18065 | Orc:2    | Found an ancient bone altar of Kikubaaqudgha.
 18083 | Orc:2    | Reached skill level 1 in Shapeshifting
 18096 | Orc:2    | Found a radiant altar of Vehumet.
 18200 | Orc:2    | Found Aplarier's Magic Scroll Boutique.
 18201 | Orc:2    | Found Cafutom's Magic Scroll Shop.
 18211 | Orc:2    | Paralysed by an orc sorcerer for 3 turns
 18225 | Orc:2    | Bought a scroll of immolation for 40 gold pieces
 18240 | Orc:2    | Bought a scroll of acquirement for 728 gold pieces
 18240 | Orc:2    | Bought a scroll of poison for 56 gold pieces
 18240 | Orc:2    | Bought a scroll of teleportation for 42 gold pieces
 19823 | D:14     | Noticed Azrael
 19838 | D:14     | Noticed Frances
 19841 | D:14     | Killed Azrael
 19845 | D:14     | Killed Frances
 20207 | D:14     | Noticed a tengu reaver
 20219 | D:14     | Killed a tengu reaver
 20365 | D:14     | Reached skill level 5 in Shapeshifting
 20464 | D:14     | Identified the +8 great mace of the Evening {vamp, Str+2
                  | Dex-5 SInv}
 20502 | D:14     | Reached XP level 16. HP: 156/166 MP: 25/25
 20698 | D:14     | Found a gate to the Vaults.
 20984 | D:15     | Entered Level 15 of the Dungeon
 21737 | D:15     | Found a staircase to the Depths.
 22054 | D:15     | Found Feitsopa's Jewellery Shoppe.
 22064 | D:15     | Bought a ring of protection from cold for 400 gold pieces
 22064 | D:15     | Bought a ring of protection from fire for 400 gold pieces
 22433 | Swamp:1  | Entered Level 1 of the Swamp
 22579 | Swamp:1  | Found a runed translucent door.
 22598 | Swamp:1  | Noticed Iffuusoj's ghost (adept MiBe)
 22615 | Swamp:1  | Killed Iffuusoj's ghost
 22643 | Swamp:1  | Identified the +0 robe "Aliynlegic" {Dex+5 Stlth-}
 23565 | Swamp:2  | Noticed a fenstrider witch
 23672 | Swamp:1  | Killed a fenstrider witch
 23799 | Swamp:2  | Noticed a tentacled monstrosity
 23835 | Swamp:2  | Reached XP level 17. HP: 120/173 MP: 26/26
 23974 | Swamp:2  | Found a runed translucent gate.
 23974 | Swamp:2  | Found a runed translucent gate.
 23974 | Swamp:2  | Found a runed translucent gate.
 23975 | Swamp:2  | Noticed a tentacled monstrosity
 23975 | Swamp:2  | Noticed Geiziwus's ghost (adept FoAK)
 23976 | Swamp:2  | Noticed a tentacled monstrosity
 23997 | Swamp:2  | Reached skill level 5 in Throwing
 23997 | Swamp:2  | Reached skill level 5 in Dodging
 24234 | Swamp:2  | Killed a tentacled monstrosity
 24469 | Swamp:2  | Reached skill level 10 in Shapeshifting
 24923 | Swamp:3  | Found a runed translucent door.
 24924 | Swamp:3  | Noticed PaperRat's ghost (adept DgHu)
 24982 | Swamp:3  | Killed PaperRat's ghost
 25002 | Swamp:3  | Identified the +0 cloak "Kusixo Itota" {rElec rN++ Str-4
                  | Dex+2}
 25414 | Swamp:4  | Entered Level 4 of the Swamp
 26165 | Swamp:4  | Paralysed by something for 4 turns
 26426 | Swamp:4  | Reached XP level 18. HP: 94/178 MP: 27/27
 26805 | Swamp:4  | Got a decaying rune of Zot
 27243 | Spider:1 | Entered Level 1 of the Spider Nest
 30400 | Spider:3 | Identified the +2 pair of gloves of the Wasteland {Int+5
                  | Dex-4}
 30400 | Spider:3 | Noticed Nikola
 30411 | Spider:3 | Killed Nikola
 30641 | Spider:3 | Reached skill level 15 in Shapeshifting
 30773 | Spider:3 | Noticed Donald
 31740 | Spider:3 | Killed Donald
 32233 | Spider:4 | Entered Level 4 of the Spider Nest
 32339 | Spider:4 | Reached skill level 1 in Shields
 32429 | Spider:4 | Reached XP level 19. HP: 159/166 MP: 24/28
 32761 | Spider:4 | Noticed Arachne
 32775 | Spider:4 | Killed Arachne
 33870 | Spider:4 | Reached skill level 5 in Shields
 34063 | Spider:4 | Got a gossamer rune of Zot
 34555 | Vaults:1 | Entered Level 1 of the Vaults
 34933 | Vaults:1 | Noticed Asterion
 35035 | Vaults:1 | Killed Asterion
 35124 | Vaults:1 | Found Wacuxif's Jewellery Emporium.
 36078 | Vaults:2 | Reached XP level 20. HP: 129/196 MP: 29/29
 36225 | Vaults:2 | Acquired a manual of Armour
 36943 | Vaults:2 | Found Weikkefarph's General Store.
 36952 | Vaults:2 | Bought 2 curare-tipped darts for 48 gold pieces
 37590 | Vaults:3 | Identified the dragon-blood talisman of Levity {Int-2
                  | Dex+3}
 37590 | Vaults:3 | Noticed Bai Suzhen
 37795 | Vaults:3 | Found a staircase to the Crypt.
 38848 | Vaults:3 | Reached skill level 19 in Fighting
 39323 | Vaults:3 | Killed Bai Suzhen
 39380 | Vaults:3 | Reached XP level 21. HP: 171/210 MP: 31/31
 39937 | D:11     | Killed bmj180's ghost
 40236 | Vaults:4 | Found a magical portal.
 40259 | WizLab   | Entered Yara's Duelist Academy
 40436 | WizLab   | Noticed Goletoargh
 40476 | Vaults:4 | HP: 2/210 [Goletoargh the Head Instructor/+1 antimagic
                  | triple sword (19)]
 40477 | Vaults:4 | Killed Goletoargh the Head Instructor
 40477 | Vaults:4 | Killed by an exploding Goletoargh... ignited by their inner
                  | flame

Illustrated notes

Levels and vault maps discovered:
D:1:      onia_arrival_pyramid, layout_loops_ring, ebering_ecumenical_altar_box,
          serial_park_tiny_2
D:2:      layout_basic, minivault_26
D:3:      layout_loops_corners, gammafunk_ghost_mausoleum,
          mainiacjoe_sewer_entry_somewhere_in_here_1
D:4:      layout_cave_pools, vehumet_altar_wand_db, serial_column_ruins,
          column_ruins_pillar_1, column_ruins_pillar_4, column_ruins_pillar_4,
          column_ruins_pillar_4, column_ruins_pillar_2, column_ruins_pillar_2,
          column_ruins_pillar_1, column_ruins_pillar_6, column_ruins_pillar_6,
          column_ruins_pillar_4, column_ruins_pillar_7, column_ruins_pillar_4,
          column_ruins_pillar_4, column_ruins_pillar_9, column_ruins_pillar_3,
          column_ruins_pillar_1, uniq_crazy_yiuf_cottage
D:5:      layout_rooms, chequers_temple_overflow_minitemple,
          minmay_temple_entry_crystal_x
D:6:      layout_basic, minmay_misc_feat_secret_circle, grunt_ministairs_11
D:7:      layout_rooms, cheibrodos_worm_habitat,
          amethyst_overflow_temple_binary, reono_crystal_passage,
          grunt_ministairs_9, minmay_quadrilaterals, uniq_duvessa
D:8:      layout_rooms, okawaru_ov_weapons_minmay, grunt_ministairs_15,
          uniq_maggie, uniq_grum, uniq_psyche
D:9:      layout_cave_pods, mainiacjoe_overflow_six_doors_small,
          nicolae_dithmenos_through_a_glass_darkly,
          grunt_lair_entry_orc_guard_hut
D:10:     layout_stronghold, minmay_shop_enchanted_jewellery,
          nicolae_inconvenience_store, uniq_urug
D:11:     layout_gridville, orc_0_dummy, hellmonk_ghost_happy_afterlife,
          special_room [special_room_bee], brannock_xom_greatest_gift
D:12:     layout_cave_pools, serial_shops, nicolae_shop_pleasant_corner_grove,
          shop, nicolae_trove_entry_free_sample, uniq_erolcha, uniq_nergalle
D:13:     layout_loops_ring
D:14:     evilmike_diamond_1, layout_loops_ring, grunt_vaults_entry_fortified,
          minmay_misc_feat_cross, uniq_frances, uniq_azrael
D:15:     gammafunk_enter_depths_forms, layout_stronghold, serial_shops,
          nicolae_lakefront_shop
Temple:   minmay_freezing_vapour_temple
Lair:1:   layout_gridlike, lemuel_fruit_tree, serial_bayou_shore_a
Lair:2:   layout_cave_pods, minmay_swamp_entry_swarm,
          spider_nest_entry_funnel_web, enter_volcano_4,
          infiniplex_staircase_pool, lemuel_fruit_fields, grunt_megastairs_3
Lair:3:   layout_gridlike, disabler_island, grunt_megastairs_5
Lair:4:   layout_long_grid, grunt_megastairs_4
Lair:5:   gammafunk_lair_ancient_temple, layout_gridlike, slime_entry_1
Swamp:1:  layout_falls_marsh, ebering_ghost_reflecting_pool,
          nicolae_swamp_trees_clearing, swamp_pool_1_2, st_shrine_of_shade,
          nicolae_swamp_tree_isthmus
Swamp:2:  cheibrodos_swamp_monstrosity, layout_basic_swamp,
          gammafunk_ghost_split, evilmike_swamp_ruin_house_6, swamp_pool_1_2,
          nicolae_swamp_alligator_family
Swamp:3:  layout_basic_swamp, gammafunk_ghost_grave, evilmike_swamp_ruin_house_3
Swamp:4:  nzn_swamp_witches_coven, layout_basic_swamp, swamp_pool_5
Spider:1: layout_spider_delve
Spider:2: layout_spider_delve
Spider:3: layout_cave_pods, uniq_nikola, uniq_donald
Spider:4: grunt_spider_rune_parallel, uniq_arachne
Orc:1:    layout_caves, nicolae_orc_minecarts, uniq_sonja
Orc:2:    kennysheep_orc_mage_school, layout_caves, special_room,
          nicolae_orc_stony_grotto, mines1_david
Vaults:1: v_rooms_6, nicolae_vaults_alarming, nicolae_vaults_network_star,
          ontoclasm_vaults_eye, hangedman_vaults_corner_blocks,
          nicolae_vaults_sightless_eye, grunt_vaults_focal,
          nicolae_vaults_little_ls, nicolae_vaults_sealed_display,
          nicolae_vaults_double_plus_2, vaults_room_fancy_cross,
          grunt_vaults_diagonal, ontoclasm_vaults_idyll, layout_vaults_omnibox,
          serial_shops, shop, uniq_asterion
Vaults:2: v_rooms_5, vaults_room_mumra_shop_pool,
          nicolae_vaults_closet_pinwheel_5, nicolae_vaults_trapezoid_4,
          vaults_room_semicircle, vaults_mumra_minichess_inversion, st_lattice,
          nicolae_vaults_house_1, nicolae_vaults_doubleplus_tesselated,
          dpeg_vaults_monster_box, layout_vaults_omnicross
Vaults:3: v_rooms_1, nicolae_vaults_octothorpe,
          minmay_crypt_entry_simple_statues, v_misc_1, nicolae_vaults_six-pack,
          v_misc_10, v_pattern_5, nicolae_vaults_surprise_closet,
          vaults_dpeg_ring, layout_vaults_omnigrid, uniq_bai_suzhen
Vaults:4: lightli_enter_wizlab_magi_temple,
          nicolae_vaults_corridor_and_loot_room, nicolae_vaults_sesquioval_fish,
          nicolae_vaults_little_squares_4, nicolae_vaults_asterisk,
          ontoclasm_vaults_twist, vaults_mumra_hex, v_misc_32,
          layout_vaults_big_room, uniq_norris

Skill      XL: |  1  2  3  4  5  6  7  8  9 10 11 12 13 14 15 16 17 18 19 20 21 |
---------------+----------------------------------------------------------------+-----
Stealth        | 1 2 |  2.0
Fighting       | 3 4 5 6 8 10 12 14 16 18 19 | 19.3
Maces & Flails | 4 5 7 9 11 14 16 17 18 | 18.0
Evocations     | 2 |  2.0
Armour         | 5 9 10 12 13 14 | 14.2
Invocations    | 5 8 11 12 13 14 | 14.0
Shapeshifting  | 5 9 11 15 16 17 | 17.7
Dodging        | 4 8 9 |  9.0
Throwing       | 4 7 8 9 |  9.3
Shields        | 1 8 |  8.0

Action                     |  1- 3 |  4- 6 |  7- 9 | 10-12 | 13-15 | 16-18 | 19-21 || total
---------------------------+-------+-------+-------+-------+-------+-------+-------++-------
  Melee: Flail             |    97 |   151 |       |       |       |       |       ||   248
         Headbutt          |    16 |    18 |    49 |    32 |   145 |   212 |   257 ||   729
         Punch             |     3 |     1 |     3 |     2 |     6 |    16 |       ||    31
         Mace              |       |    22 |   237 |       |       |       |       ||   259
         Dagger            |       |       |    19 |       |       |       |       ||    19
         Morningstar       |       |       |    39 |    86 |       |       |       ||   125
         Dire flail        |       |       |       |     3 |       |       |       ||     3
         Eveningstar       |       |       |       |   158 |   583 |   913 |   792 ||  2446
  Throw: Throwing net      |       |     2 |       |       |     1 |       |       ||     3
         Dart              |       |       |     1 |       |     1 |     7 |       ||     9
         Large rock        |       |       |       |     2 |     3 |       |       ||     5
         Boomerang         |       |       |       |       |     6 |    20 |       ||    26
         Javelin           |       |       |       |       |    21 |     3 |       ||    24
 Invoke: Recall Ancestor   |       |       |     5 |       |     4 |     8 |     5 ||    22
         Ancestor Life: Ba |       |       |       |     1 |       |       |       ||     1
         Idealise          |       |       |       |       |     5 |     3 |     6 ||    14
         Transference      |       |       |       |       |     3 |       |       ||     3
  Evoke: Wand              |       |     8 |     8 |     2 |    13 |       |    12 ||    43
         Condenser vane    |       |       |       |       |       |       |     1 ||     1
    Use: Scroll            |       |    10 |    11 |    18 |     8 |     9 |    14 ||    70
         Potion            |       |     3 |     3 |     2 |     9 |     8 |    10 ||    35
   Stab: Sleeping          |     5 |       |     1 |       |       |       |       ||     6
         Distracted        |       |       |       |     3 |    15 |    14 |    10 ||    42
         Held in net/web   |       |       |       |       |     1 |       |       ||     1
 Armour: Robe              |    55 |   200 |   198 |       |       |       |       ||   453
         Swamp dragon scal |       |       |    73 |   257 |   644 |  1018 |   869 ||  2861
         Skin              |       |       |       |     1 |       |     8 |       ||     9
  Dodge: Dodged            |    53 |   144 |   153 |   106 |   258 |   430 |   312 ||  1456
  Block: Kite shield       |       |       |       |       |       |     8 |   466 ||   474
         Reflection        |       |       |       |       |       |       |    14 ||    14

Table legend: (Time is in decaauts)
 A = Elapsed time spent in this place.
 B = Non-inter-level travel time spent in this place.
 C = Inter-level travel time spent in this place.
 D = Time resting spent in this place.
 E = Time spent auto-exploring this place.
 F = Levels seen in this place.
 G = Mean time per level.
                   A        B        C        D        E       F      G
               +--------+--------+--------+--------+--------+-----+--------+
         Total |  39996 |  37172 |   2824 |   7034 |  17812 |  38 | 1052.5 |
       Dungeon |  15187 |  13944 |   1243 |   1796 |   7535 |  15 | 1012.5 |
        Temple |     10 |     10 |      0 |      0 |      0 |   1 |   10.0 |
          Lair |   4751 |   4230 |    521 |    160 |   2881 |   5 |  950.2 |
         Swamp |   4686 |   4535 |    151 |   1343 |   1695 |   4 | 1171.5 |
   Spider Nest |   7031 |   6540 |    491 |   1827 |   2838 |   4 | 1757.8 |
  Orcish Mines |   1793 |   1694 |     99 |    128 |    843 |   2 |  896.5 |
        Vaults |   5307 |   4989 |    318 |   1216 |   1942 |   4 | 1326.8 |
         Sewer |    441 |    441 |      0 |    300 |     13 |   1 |  441.0 |
       Volcano |    585 |    585 |      0 |    200 |     65 |   1 |  585.0 |
        Wizlab |    200 |    200 |      0 |     64 |      0 |   1 |  200.0 |
               +--------+--------+--------+--------+--------+-----+--------+

Top non-repeatable levels by time:
Vaults:3: 2137 daAuts
Spider:4: 1940 daAuts
Spider:3: 1894 daAuts
Vaults:2: 1794 daAuts
Spider:1: 1768 daAuts
    D:14: 1711 daAuts
     D:7: 1528 daAuts
Spider:2: 1428 daAuts
 Swamp:1: 1314 daAuts
Vaults:1: 1278 daAuts
    D:15: 1266 daAuts
  Lair:2: 1261 daAuts
 Swamp:4: 1239 daAuts
     D:6: 1200 daAuts
   Orc:2: 1185 daAuts
